 Dungeon Sprint DCSS version 0.21.1-1-g345015f (webtiles) character file.

286 Jawreze the Carver (level 6, 0/84 HPs)
             Began as a Human Berserker on May 29, 2018.
             Was a Believer of Trog.
             Slain by a centaur warrior (9 damage)
             ... in the Dungeon (Sprint I: "Red Sonja").
             The game lasted 00:01:10 (219 turns).

Jawreze the Carver (Human Berserker)                 Turns: 219, Time: 00:01:11

Health: 0/84       AC:  6    Str: 25    XL:     6   Next: 56%
Magic:  6/6        EV: 14    Int:  7    God:    Trog [**....]
Gold:   180        SH:  0    Dex: 12    Spells: 5/5 levels left

rFire    + . .     SeeInvis .   a - +0 falchion
rCold    . . .     Gourm    .   (no shield)
rNeg     . . .     Faith    .   k - +3 leather armour {rF+}
rPois    .         Spirit   .   (no helmet)
rElec    .         Reflect  .   (no cloak)
rCorr    .         Harm     .   (no gloves)
MR       .....     NoTele   +   (no boots)
Stlth    ..........             (no amulet)
HPRegen  0.24/turn              (no ring)
MPRegen  0.10/turn              (no ring)

@: berserking, slow
A: no striking features
a: Berserk, Trog's Hand, Burn Spellbooks, Renounce Religion


You were in the Dungeon.
You worshipped Trog.
Trog was pleased with you.
You were hungry.

You visited 1 branch You collected 180 gold pieces.

Inventory:

Hand Weapons
 a - a +0 falchion (weapon)
Armour
 b - a +0 animal skin
 k - a +3 leather armour of fire resistance (worn)
Scrolls
 i - a scroll of blinking
 l - a scroll of remove curse {unknown}
Potions
 d - a potion of curing
 e - a potion of heal wounds
 f - a potion of haste
 g - 2 potions of magic
 h - a potion of berserk rage
Comestibles
 c - a ration
 j - 6 chunks of flesh


   Skills:
 + Level 8.2 Fighting
 + Level 8.6 Long Blades
 + Level 4.4 Armour
 + Level 5.1 Dodging


You had 5 spell levels left.
You didn't know any spells.

Dungeon Overview and Level Annotations

Branches:
Dungeon (1/1)

Altars:
Sif Muna
Vehumet
Wu Jian


Message History

You slash the centaur warrior!
The centaur warrior is lightly wounded.
The centaur warrior hits you.
* * * LOW HITPOINT WARNING * * *
The centaur warrior hits you.
* * * LOW HITPOINT WARNING * * *
Your unstable footing causes you to fumble your attack.
The centaur warrior hits you.
* * * LOW HITPOINT WARNING * * *
Your unstable footing causes you to fumble your attack.
The centaur warrior completely misses you.
Your unstable footing causes you to fumble your attack.
The centaur warrior closely misses you.
You riposte.
Your unstable footing causes you to fumble your attack.
The centaur warrior misses you.
Your unstable footing causes you to fumble your attack.
The centaur warrior hits you!
* * * LOW HITPOINT WARNING * * *
The centaur warrior hits you!
You die...

##############
.#..)..#..'..#
.').#..)..#..+
.#####'#####'#
### .# #..#
#.####!$# .#
####
##.#≈≈§c§# .#
#+#_.§≈§@c§+
⌠#
+..§§#≈§§§§#
##
#_.#+##+####
##+#


You could see 2 centaur warriors.

Vanquished Creatures
  Sigmund (D)
  An ogre (D)
  A jelly (D)
  Ijyb (D)
4 creatures vanquished.

Notes
Turn   | Place    | Note
-------+----------+-------------------------------------------
     0 | D        | Jawreze the Human Berserker began the quest for the Orb.
     0 | D        | Reached XP level 1. HP: 18/18 MP: 1/1
     1 | D        | Noticed Ijyb
     9 | D        | Killed Ijyb
     9 | D        | Reached XP level 2. HP: 26/26 MP: 2/2
     9 | D        | Reached XP level 3. HP: 31/31 MP: 3/3
    72 | D        | Noticed an ogre
    75 | D        | Killed an ogre
    75 | D        | Reached XP level 4. HP: 40/40 MP: 4/4
    75 | D        | Reached XP level 5. HP: 46/46 MP: 5/5
   115 | D        | Noticed Sigmund
   139 | D        | Killed Sigmund
   139 | D        | Reached ** piety under Trog
   139 | D        | Reached XP level 6. HP: 39/56 MP: 6/6
   188 | D        | Found an ornate altar of the Wu Jian Council.
   188 | D        | Found a deep blue altar of Sif Muna.
   190 | D        | Found a radiant altar of Vehumet.
   196 | D        | Reached skill level 5 in Dodging
   211 | D        | Noticed a centaur warrior
   211 | D        | Noticed a centaur warrior
   219 | D        | Slain by a centaur warrior

Skill      XL: |  1  2  3  4  5  6 |
---------------+-------------------+-----
Fighting       | 4 6 8 |  8.2
Long Blades    | 4 6 8 |  8.6
Armour         | 3 4 |  4.4
Dodging        | 3 4 5 |  5.1

Action                   |  1- 3 |  4- 6 || total
-------------------------+-------+-------++-------
Melee: Falchion          |     8 |    16 ||    24
Invok: Berserk           |     2 |     2 ||     4
  Eat: Chunk             |       |     1 ||     1
Armor: Leather armour    |       |     4 ||     4
Dodge: Dodged            |     4 |    18 ||    22
       Rpst.: Falchion   |     1 |     4 ||     5
